[Event "28th North American Open"]
[Site "Las Vegas"]
[Date "2018.12.30"]
[Round "9"]
[White "Wu, Rochelle"]
[Black "Vivekananthan, Anish"]
[Result "1/2-1/2"]
[ECO "E34"]
[WhiteElo "2096"]
[BlackElo "2294"]
[PlyCount "21"]
[EventDate "2018.12.??"]
[EventType "swiss"]
[EventRounds "9"]
[EventCountry "USA"]
[TimeControl "6600+10"]
[WhiteClock "1:08:49"]
[BlackClock "0:26:51"]

1. d4 Nf6 2. c4 e6 3. Nc3 Bb4 4. Qc2 d5 5. cxd5 Qxd5 6. Nf3 Nc6 7. e3 O-O 8. Bd2 Qd8 9. Bd3 Bd6 10. a3 Qe7 11. Ne4 1/2-1/2

[Event "28th North American Open"]
[Site "Las Vegas"]
[Date "2018.12.30"]
[Round "9"]
[White "Lynch, Joshua"]
[Black "Nyamdorj, Davaaochir"]
[Result "1-0"]
[ECO "B00"]
[WhiteElo "2267"]
[BlackElo "2111"]
[PlyCount "99"]
[EventDate "2018.12.??"]
[EventType "swiss"]
[EventRounds "9"]
[EventCountry "USA"]
[TimeControl "6600+10"]
[WhiteClock "0:02:51"]
[BlackClock "0:05:11"]

1. e4 b6 2. d4 Bb7 3. Nc3 e6 4. Bd3 Nf6 5. Bg5 h6 6. Bh4 Bb4 7. Qe2 Nc6 8. Nf3 g5 9. d5 Ne7 10. Bg3 Ng6 11. dxe6 dxe6 12. O-O-O Qe7 13. Nb1 e5 14. Nbd2 Nh5 15. Nc4 Nhf4 16. Bxf4 gxf4 17. g4 h5 18. gxh5 Rxh5 19. Rdg1 O-O-O 20. Nd4 Rdh8 21. Nf5 Qf6 22. f3 Bc5 23. Rg4 Rh3 24. Nd2 R8h5 25. Nb3 Bf8 26. Ba6 Qc6 27. Rg2 Rh8 28. Rd1 Bc5 29. Bb5 Qf6 30. Nxc5 bxc5 31. Qd2 Rxf3 32. Qd7+ Kb8 33. Nh6 a6 34. Nxf7 Rf8 35. Bc4 Bxe4 36. Nd8 Rxd8 37. Qxd8+ Qxd8 38. Rxd8+ Kb7 39. Rxg6 Rf2 40.
Bd5+ Bxd5 41. Rxd5 e4 42. Kd1 e3 43. Re5 Rd2+ 44. Ke1 Rxh2 45. Rf6 Rh1+ 46. Ke2 Rh2+ 47. Kf1 Rxc2 48. Rxf4 Rxb2 49. a4 Kb6 50. Rc4 1-0

[Event "28th North American Open"]
[Site "Las Vegas"]
[Date "2018.12.30"]
[Round "9"]
[White "Tanaka, Taira Tyler"]
[Black "Kollar, Romain"]
[Result "0-1"]
[ECO "B53"]
[WhiteElo "2011"]
[BlackElo "2180"]
[PlyCount "140"]
[EventDate "2018.12.??"]
[EventType "swiss"]
[EventRounds "9"]
[EventCountry "USA"]
[TimeControl "6600+10"]
[WhiteClock "0:05:13"]
[BlackClock "0:04:33"]

1. e4 c5 2. Nf3 d6 3. d4 cxd4 4. Qxd4 a6 5. h3 Nc6 6. Qe3 g6 7. c4 Bg7 8. Nc3 Nf6 9. Be2 O-O 10. O-O a5 11. Rb1 a4 12. Rd1 Nd7 13.
b4 axb3 14. axb3 Qa5 15. Bd2 Qc5 16. Nd5 Ra2 17. Bf1 e6 18.
Nf4 Nd4 19. b4 Qa7 20. Bc1 Nxf3+ 21. Qxf3 Ne5 22. Qe3 Qa4 23. Rd2 Rc2 24. Rxc2 Qxc2 25. Bd3 Qd1+ 26. Bf1 Nxc4 27. Qd3 Qxd3 28. Bxd3 b5 29. Ne2 Bb7 30. Bf4 d5 31. exd5 exd5 32. Rd1 Ra8 33. Nc1 Bc3 34. Ne2 Bf6 35. Nc1 g5 36. Bxc4 bxc4 37. Be3 Ra1 38. b5 d4 39. Bxd4 Bxd4 40. Rxd4 Rxc1+ 41. Kh2 c3 42. b6 c2 43. Rc4 Be4 44. Rxe4 Rh1+ 45. Kxh1 c1=Q+ 46. Kh2 Qc6 47. Rg4 h6 48. Rg3 Qxb6 49. Rf3 Kg7 50. g4 Qd6+ 51. Kg2 Qd5 52. Kg3 Qe5+ 53. Kg2 Qe4 54. Kg3 Kg6 55. Rf5 Qxf5 56. gxf5+ Kxf5 57. Kf3 h5 58. Kg3 Ke4 59. Kg2 Kf4 60. Kh2 Kf3 61. Kg1 h4 62. Kf1 f5 63. Kg1 Ke2 64. Kg2 f4 65.
f3 Ke3 66. Kg1 Kxf3 67. Kh2 Ke2 68. Kg2 f3+ 69. Kg1 f2+ 70.
Kh2 Kf3 0-1

[Event "28th North American Open"]
[Site "Las Vegas"]
[Date "2018.12.30"]
[Round "9"]
[White "Encinas Varela, David"]
[Black "Ramirez Madrid, Gerardo Alfonso"]
[Result "1/2-1/2"]
[ECO "C02"]
[WhiteElo "1885"]
[BlackElo "1977"]
[PlyCount "115"]
[EventDate "2018.12.??"]
[EventType "swiss"]
[EventRounds "9"]
[EventCountry "USA"]
[TimeControl "6600+10"]
[WhiteClock "0:28:21"]
[BlackClock "0:03:46"]

1. e4 e6 2. d4 d5 3. e5 c5 4. c3 Nc6 5. Nf3 Bd7 6. Bd3 cxd4 7. cxd4 Qb6 8. Bc2 Nb4 9. O-O Nxc2 10.
Qxc2 Rc8 11. Nc3 Ne7 12. Be3 Nc6 13. Rfc1 Be7 14. a3 Na5 15. Nd2 O-O 16. b3 Rc7 17. Qb2 Rfc8 18. Na2 Nc4 19. Nxc4 dxc4 20. b4 a5 21. d5 Bc5 22. Qc3 Bxe3 23. fxe3 exd5 24. bxa5 Qa7 25. Rd1 Rc5 26. Nb4 Be6 27. a6 bxa6 28. Qd4 Qb7 29. e4 a5 30. Nxd5 Kf8 31. Rab1 Rb5 32. Rxb5 Qxb5 33. Nc7 Qb8 34. Qd6+ Kg8 35. Nxe6 fxe6 36. Qxe6+ Kh8 37. Qd6 c3 38. Qxb8 Rxb8 39. Rc1 Rb3 40. Kf2 Kg8 41. a4 Kf7 42. Ke3 Ke6 43. Kd3 c2+ 44. Kxc2 Ra3 45. Kb2 Rxa4 46. Rc7 g5 47. Rg7 Rxe4 48. Rxg5 Rxe5 49. Rg7 Rh5 50. h3 Kf6 51. Ra7 Rb5+ 52. Kc3 Kg6 53. Kd4 Rb4+ 54. Ke3 Ra4 55. Kf3 Ra3+ 56. Kf4 Ra4+ 57. Kf3 Ra1 58. Kf4 1/2-1/2